 Dungeon Crawl Stone Soup version 0.23-a0-121-g4413648 (webtiles) character file.

17913 drasked the Eclecticist (level 12, -2/59 HPs)
             Began as a Deep Elf Conjurer on Aug 25, 2018.
             Was an Elder of Vehumet.
             Slain by a six-headed hydra (10 damage)
             ... on level 4 of the Lair of Beasts.
             The game lasted 00:53:01 (15522 turns).

drasked the Eclecticist (Deep Elf Conjurer)        Turns: 15522, Time: 00:53:02

Health: -2/59      AC: 11    Str:  5    XL:     12   Next: 23%
Magic:  3/35       EV: 13    Int: 26    God:    Vehumet [****..]
Gold:   805        SH:  0    Dex: 15    Spells: 24/45 levels left

rFire    + . .     SeeInvis .   H - staff of conjuration {!a}
rCold    . . .     Gourm    .   (no shield)
rNeg     . . .     Faith    +   w - +2 robe {MR+}
rPois    .         Spirit   .   k - +1 helmet
rElec    .         Reflect  .   x - scarf {cloud immunity}
rCorr    .         Harm     .   (no gloves)
MR       +++..                  (no boots)
Stlth    ++........             A - amulet of faith {Faith, !P}
HPRegen  0.19/turn              g - +5 ring of protection
MPRegen  0.24/turn              L - ring of Starshine {rF+ MR+}

@: no status effects
A: no striking features
a: Renounce Religion


You were on level 4 of the Lair of Beasts.
You worshipped Vehumet.
Vehumet was greatly pleased with you.
You were not hungry.

You visited 3 branches of the dungeon, and saw 15 of its levels.

You collected 871 gold pieces.
You spent 66 gold pieces at shops.

Inventory:

Hand Weapons
 p - the +7 dagger of the Forgotten Ghosts {pierce, *Corrode rC++ Int+6}
   (You took it off an orc on level 7 of the Dungeon)

   It inflicts extra damage upon your enemies.
   It affects your intelligence (+6).
   It greatly protects you from cold.
   It may corrode you when you take damage.
 v - a +2 whip of flaming
   (You took it off Pikel on level 4 of the Dungeon)
Armour
 k - a +1 helmet (worn)
   (You took it off Robin on level 2 of the Dungeon)
 w - a +2 robe of magic resistance (worn)
   (You took it off Pikel on level 4 of the Dungeon)
 x - a scarf of cloud immunity (worn)
   (You found it on level 5 of the Dungeon)
 G - a +0 hat of magic resistance
   (You found it on level 2 of the Lair of Beasts)
Magical Staves
 l - an uncursed staff of fire {rF+}
   (You took it off an orc on level 10 of the Dungeon)
 H - an uncursed staff of conjuration (weapon) {!a}
   (You found it on level 9 of the Dungeon)
Jewellery
 g - a +5 ring of protection (left hand)
   (You found it on level 1 of the Dungeon)
 m - an uncursed ring of protection from cold {rC+, !d}
   (You found it on level 2 of the Dungeon)
 y - an uncursed amulet of rage {unknown}
   (You found it on level 2 of the Lair of Beasts)
 A - an amulet of faith (around neck) {Faith, !P}
   (You found it on level 7 of the Dungeon)
 L - the ring of Starshine (right hand) {rF+ MR+}
   (You found it on level 9 of the Dungeon)

   [ring of protection from magic]

   It protects you from fire.
   It affects your resistance to hostile enchantments.
Wands
 e - a wand of disintegration (21)
   (You found it on level 10 of the Dungeon)
 u - a wand of digging (6)
   (You took it off Natasha on level 3 of the Dungeon)
 E - a wand of flame (31)
   (You found it on level 2 of the Lair of Beasts)
 J - a wand of paralysis (7)
   (You found it on level 3 of the Lair of Beasts)
Scrolls
 d - 4 scrolls of identify
 h - 4 scrolls of teleportation
 i - 6 scrolls of remove curse
 j - 4 scrolls of fog
 o - 3 scrolls of enchant armour
 s - a scroll of immolation {!r}
 I - a scroll of vulnerability {unknown}
 M - 2 scrolls of blinking {unknown}
 N - a scroll of brand weapon {unknown}
Potions
 a - 2 potions of resistance
 b - 8 potions of curing
 f - a potion of haste
 n - a potion of brilliance {unknown}
 q - 5 potions of lignification {!q}
 r - a potion of cancellation
 t - 7 potions of agility
 z - a potion of invisibility
 B - a potion of ambrosia {unknown}
 C - 2 potions of might
 D - 3 potions of flight
 F - 2 potions of heal wounds
Miscellaneous
 K - a phial of floods
   (You found it on level 4 of the Lair of Beasts)
Comestibles
 c - 20 rations
 O - a chunk of flesh {@w0}


   Skills:
 - Level 2.4 Dodging
 - Level 2.4 Stealth
 - Level 17.1 Spellcasting
 + Level 15.7 Conjurations


You had 24 spell levels left.
You knew the following spells:

 Your Spells              Type           Power        Failure   Level  Hunger
a - Magic Dart            Conj           ####         0%          1    None
b - Fulminant Prism       Conj/Hex       #######...   1%          4    None
c - Orb of Destruction    Conj           ########..   1%          7    #####..
x - Iskenderun's Mystic   Conj           ########     1%          4    None
z - Iskenderun's Battles  Conj/Chrm      #######.     1%          5    None

Your spell library contained the following spells:

 Spells                   Type           Power        Failure   Level  Hunger
 Olgreb's Toxic Radiance  Pois           ###.....     6%          4    None
 Searing Ray              Conj           ######       0%          2    None
 Flame Tongue             Conj/Fire      #####        1%          1    None
 Throw Flame              Conj/Fire      ######       1%          2    None
 Conjure Flame            Conj/Fire      #######.     1%          3    None
 Dazzling Spray           Conj/Hex       ######       1%          3    None
 Inner Flame              Hex/Fire       ###.....     1%          3    None
 Force Lance              Conj/Tloc      #######.     1%          4    None
 Sticky Flame             Conj/Fire      #######.     1%          4    None
 Bolt of Magma            Conj/Fire/Erth ######....   1%          5    None
 Fireball                 Conj/Fire      #######...   1%          5    None
 Venom Bolt               Conj/Pois      #######...   1%          5    None
 Corona                   Hex            ###....      2%          1    None
 Ensorcelled Hibernation  Hex/Ice        ###...       3%          2    None
 Slow                     Hex            ###.....     3%          2    None
 Iron Shot                Conj/Erth      #######...   4%          6    ###....
 Confuse                  Hex            ###.....     7%          3    None
 Portal Projectile        Hex/Tloc       ###...       7%          3    None
 Tukima's Dance           Hex            ###.....     7%          3    None
 Spellforged Servitor     Conj/Summ      #######...   19%         7    #####..
 Cause Fear               Hex            ###.......   22%         4    None
 Leda's Liquefaction      Hex/Erth       ###.......   22%         4    None


Dungeon Overview and Level Annotations

Branches:
Dungeon (10/15)            Temple (1/1) D:5            Lair (4/6) D:9
  Snake (0/4) Lair:2
  Swamp: Lair:2-4    Shoals: Lair:2-4       Orc: D:9-12

Altars:
Ashenzari
Cheibriados
Dithmenos
Elyvilon
Fedhas
Gozag
Hepliaklqana
Kikubaaqudgha
Makhleb
Nemelex Xobeh
Okawaru
Qazlal
Ru
Sif Muna
Trog
Uskayaw
Vehumet
Wu Jian
Xom
Yredelemnul
Zin
The Shining One

Shops:
D:6 *   D:10 (

Annotations:
D:8 1 transporter


Message History

You take 1 damage, and have 46/59 hp.
You feel sick.
Aim: a water moccasin (moderately wounded)
You feel a surge of power!
The orb of energy hits the water moccasin.
You kill the water moccasin!
Vehumet accepts your kill.
The orb of energy explodes!
You feel sick.
You take 2 damage, and have 44/59 hp.
You now have 0/35 mp.
You feel sick.
You take 1 damage, and have 43/59 hp.
You feel sick.
You take 1 damage, and have 42/59 hp.
Really attack while wielding your uncursed staff of conjuration {!a}? [Y]es or [N]o only, please.
Really attack while wielding your uncursed staff of conjuration {!a}?
Okay, then.
Unknown command.
You feel sick. The elephant tramples you.
You hold your ground!
The elephant trunk-slaps you.
You take 6 damage, and have 36/59 hp.
You feel sick. The elephant tramples you!
You stumble backwards!
You take 8 damage, and have 28/59 hp.
You feel sick.
You take 1 damage, and have 27/59 hp.
You feel sick.
You take 1 damage, and have 26/59 hp.
You feel sick.
You take 1 damage, and have 25/59 hp.
You feel sick.
You take 1 damage, and have 24/59 hp.
You feel sick.
You feel sick.
You take 1 damage, and have 23/59 hp.
You feel sick.
You take 1 damage, and have 22/59 hp.
You feel sick.
You take 1 damage, and have 22/59 hp.
You feel sick.
You take 1 damage, and have 21/59 hp.
Aim: an elephant (moderately wounded)
You feel a surge of power!
The orb of energy hits the elephant.
The orb of energy explodes!
The elephant tramples you.
You stumble backwards!
You take 1 damage, and have 21/59 hp.
You now have 1/35 mp.
You don't have enough magic to cast that spell.
You feel sick.
You take 1 damage, and have 20/59 hp.
You feel sick.
You take 1 damage, and have 20/59 hp.
You don't have enough magic to cast that spell.
You feel sick.
You take 1 damage, and have 19/59 hp.
You don't have enough magic to cast that spell.
Aim: an elephant (severely wounded)
You feel a surge of power!
The orb of energy hits the elephant.
The orb of energy explodes!
You feel sick.
You are no longer poisoned.
You hear an angry hiss. x2; You hear a roar! x2
The elephant closely misses you. The elephant barely misses you.
You take 1 damage, and have 19/59 hp.
You now have 0/35 mp.
A six-headed hydra comes into view.
You don't have enough magic to cast that spell.
You don't have enough magic to cast that spell.
The elephant tramples you but does no damage.
The elephant trunk-slaps you.
Aim: an elephant (severely wounded)
You feel a surge of power!
The orb of energy hits the elephant.
You kill the elephant!
Vehumet accepts your kill.
You feel your power returning.
The orb of energy explodes!
You now have 3/35 mp.
Okay, then.
Aim: a six-headed hydra (chance to defeat MR: 15%)
The six-headed hydra resists with almost no effort.
Aim: a six-headed hydra You feel a surge of power!
The orb of energy hits the six-headed hydra.
The orb of energy explodes!
You now have 6/35 mp.
Aim: a six-headed hydra (moderately wounded)
You feel a surge of power!
The orb of energy hits the six-headed hydra.
The orb of energy explodes!
The mystic blast hits the plant.
The six-headed hydra bites you!
* * * LOW HITPOINT WARNING * * *
The six-headed hydra bites you but does no damage.
The six-headed hydra barely misses you.
The six-headed hydra bites you but does no damage.
The six-headed hydra bites you!
* * * LOW HITPOINT WARNING * * *
The six-headed hydra bites you but does no damage.
You take 19 damage, and have 7/59 hp.
MASSIVE DAMAGE!!
You now have 2/35 mp.
An elephant comes into view.
The six-headed hydra closely misses you.
The six-headed hydra bites you!
You die...

######### ### #####.###########
##.#.#..####P####.##.#.P#.##...#.
...........................†.....
..#......P.#.###.#.#.##PP.#.#....
............#.....########..#P...
.............##...# ####P...
............####..## ##...
##.........#..##...## #...
#..............@#..### ##..
##.......Y......D.#.P# ##.
.............### #..
...............#######..
..##............##.#.... .
##...........#.....##
#.###....#.#.....#.# ##
##########..#### #..###


You could see a six-headed hydra and an elephant (wandering).

Vanquished Creatures
  A hydra (Lair:1)
  Erolcha (D:10)
  Pikel (D:4)
  4 elephants (Lair:4)
  2 merfolk sirens (Lair:4)
  A black mamba (Lair:2)
  A gargoyle (D:10)
  A rime drake (Lair:1)
  8 spiny frogs
  A komodo dragon (Lair:2)
  A queen bee (D:8)
  2 merfolk (Lair:4)
  Grinder (D:4)
  5 hippogriffs
  3 yaks (Lair:2)
  2 wyverns (D:9)
  A hungry ghost (D:9)
  Edmund (D:6)
  10 porcupines
  5 water moccasins
  2 slaves (D:4)
  3 ice beasts
  4 ogres
  A black bear (D:9)
  5 orc warriors
  A wolf (D:10)
  3 phantoms
  A centaur (D:10)
  3 crocodiles
  A big kobold (D:7)
  Blork the orc (D:6)
  9 bullfrogs
  A wyvern zombie (D:10)
  2 gnoll sergeants (D:10)
  A water moccasin zombie (D:6)
  2 scorpions
  21 killer bees
  9 wights
  6 howler monkeys
  5 crimson imps
  3 jellies
  3 quasits
  2 bullfrog skeletons
  6 orc priests
  Crazy Yiuf (D:2)
  3 gnoll shamans (D:10)
  13 hounds
  7 orc wizards
  Jessica (D:2)
  A centaur skeleton (D:5)
  Natasha (thrice) (D:3)
  3 iguanas
  5 worker ants
  A howler monkey zombie (D:9)
  Robin (D:2)
  15 gnolls (D:10)
  15 adders
  2 shadow imps (D:7)
  2 oozes
  An adder skeleton (D:4)
  2 worms
  5 leopard geckos
  39 orcs
  A ball python (D:3)
  5 giant cockroaches
  13 goblins
  10 hobgoblins
  15 jackals
  11 kobolds
  6 quokkas
  4 bats
  6 frilled lizards
  A jackal skeleton (D:6)
  2 quokka skeletons
  9 rats
  A fulminant prism (D:10)
  2 fungi
353 creatures vanquished.

Vanquished Creatures (others)
  4 fulminant prisms
  6 fungi
  4 plants
  7 toadstools (Lair:4)
21 creatures vanquished.

Grand Total: 374 creatures vanquished

Notes
Turn   | Place    | Note
-------+----------+-------------------------------------------
     0 | D:1      | drasked the Deep Elf Conjurer began the quest for the Orb.
     0 | D:1      | Reached XP level 1. HP: 10/10 MP: 6/6
   275 | D:1      | Reached XP level 2. HP: 15/15 MP: 4/8
   605 | D:1      | Reached skill level 5 in Conjurations
   887 | D:2      | Reached XP level 3. HP: 19/19 MP: 1/10
   957 | D:2      | Noticed Robin
  1115 | D:2      | Reached skill level 4 in Spellcasting
  1219 | D:2      | Found an opulent altar of Gozag.
  1230 | D:2      | Reached XP level 4. HP: 24/24 MP: 0/12
  1256 | D:2      | Learned a level 4 spell: Iskenderun's Mystic Blast
  1365 | D:2      | Killed Robin
  1716 | D:2      | Noticed Jessica
  1721 | D:2      | Killed Jessica
  1721 | D:2      | Reached skill level 6 in Conjurations
  1776 | D:2      | Found a runed door.
  1780 | D:2      | Noticed Crazy Yiuf
  1782 | D:2      | Killed Crazy Yiuf
  1782 | D:2      | Reached XP level 5. HP: 28/28 MP: 4/14
  2037 | D:3      | Noticed Natasha
  2040 | D:3      | Killed Natasha
  2196 | D:3      | Reached skill level 5 in Spellcasting
  2606 | D:3      | Noticed Natasha
  2612 | D:3      | Killed Natasha
  2612 | D:3      | Reached skill level 7 in Conjurations
  2720 | D:3      | Noticed Natasha
  2722 | D:3      | Killed Natasha
  2722 | D:3      | Reached XP level 6. HP: 32/32 MP: 11/16
  2877 | D:4      | Found a shattered altar of Ashenzari.
  3144 | D:4      | Reached skill level 6 in Spellcasting
  3151 | D:4      | Noticed Grinder
  3401 | D:4      | Killed Grinder
  3401 | D:4      | Reached skill level 8 in Conjurations
  3401 | D:4      | Reached XP level 7. HP: 21/36 MP: 0/19
  4120 | D:4      | Reached skill level 7 in Spellcasting
  4178 | D:4      | Noticed Pikel
  4204 | D:4      | Killed Pikel
  4204 | D:4      | Reached skill level 8 in Spellcasting
  4204 | D:4      | Reached skill level 9 in Conjurations
  4204 | D:4      | Reached XP level 8. HP: 41/41 MP: 0/22
  4375 | D:5      | Entered Level 5 of the Dungeon
  4375 | D:5      | Found a staircase to the Ecumenical Temple.
  4390 | Temple   | Entered the Ecumenical Temple
  4396 | Temple   | Became a worshipper of Vehumet
  4617 | D:5      | Reached skill level 10 in Conjurations
  5056 | D:5      | Found a stormy altar of Qazlal.
  5056 | D:5      | Found a shimmering altar of Xom.
  5056 | D:5      | Found a bloodstained altar of Trog.
  5246 | D:6      | Noticed Edmund
  5427 | D:6      | Killed Edmund
  5784 | D:6      | Found Foipy's General Store.
  5790 | D:6      | Reached skill level 9 in Spellcasting
  5860 | D:6      | Bought a scroll of identify for 22 gold pieces
  5860 | D:6      | Bought a potion of agility for 44 gold pieces
  5930 | D:6      | Noticed Blork the orc
  5934 | D:6      | Killed Blork the orc
  5934 | D:6      | Reached skill level 11 in Conjurations
  6028 | D:6      | Reached XP level 9. HP: 40/45 MP: 4/24
  6191 | D:6      | Learned a level 4 spell: Fulminant Prism
  6398 | D:7      | Found a snail-covered altar of Cheibriados.
  6702 | D:7      | Reached * piety under Vehumet
  6702 | D:7      | Offered knowledge of Freeze by Vehumet.
  6827 | D:7      | Found a hide-covered altar of Uskayaw.
  6895 | D:7      | Got a bloodstained dagger {pierce}
  6896 | D:7      | Identified the +7 dagger of the Forgotten Ghosts {pierce, *Corrode rC++ Int+6} (You took it off an orc on level 7 of the Dungeon)
  7107 | D:7      | Reached skill level 10 in Spellcasting
  7339 | D:7      | Found a blossoming altar of Fedhas.
  7592 | D:8      | Reached skill level 12 in Conjurations
  7599 | D:8      | Noticed a queen bee
  7606 | D:8      | Killed a queen bee
  7606 | D:8      | Reached skill level 11 in Spellcasting
  7609 | D:8      | Offered knowledge of Throw Frost by Vehumet.
  7614 | D:8      | HP: 16/67 [poisoned by a killer bee]
  7617 | D:8      | HP: 7/67 [killer bee (4)]
  7619 | D:8      | HP: 3/67 [poisoned by a killer bee]
  7719 | D:8      | Reached ** piety under Vehumet
  8175 | D:8      | Found a transporter.
  8445 | D:8      | Found a deep blue altar of Sif Muna.
  8471 | D:9      | Reached skill level 12 in Spellcasting
  8471 | D:9      | Reached XP level 10. HP: 41/50 MP: 11/28
  9359 | D:9      | Learned a level 7 spell: Orb of Destruction
  9367 | D:9      | Learned a level 5 spell: Iskenderun's Battlesphere
  9394 | D:9      | Offered knowledge of Mephitic Cloud by Vehumet.
  9511 | D:9      | Got a shimmering turquoise ring
  9682 | D:9      | Identified the ring of Starshine {rF+ MR+} (You found it on level 9 of the Dungeon)
  9710 | D:9      | Reached *** piety under Vehumet
  9710 | D:9      | Reached skill level 13 in Spellcasting
  9739 | D:9      | Reached skill level 13 in Conjurations
  9770 | D:9      | Found a staircase to the Lair.
 10386 | D:10     | Entered Level 10 of the Dungeon
 10394 | D:10     | Offered knowledge of Inner Flame by Vehumet.
 10396 | D:10     | Noticed Erolcha
 10401 | D:10     | Killed Erolcha
 10401 | D:10     | Reached skill level 14 in Spellcasting
 10585 | D:10     | Noticed a gargoyle
 10593 | D:10     | Killed a gargoyle
 10836 | D:10     | Reached **** piety under Vehumet
 11032 | D:10     | Offered knowledge of Throw Icicle by Vehumet.
 11078 | D:10     | Found an iron altar of Okawaru.
 11101 | D:10     | Found Otisogg's Antique Weapon Shoppe.
 11278 | D:10     | Reached XP level 11. HP: 54/54 MP: 26/31
 11698 | D:10     | Reached skill level 15 in Spellcasting
 12160 | Lair:1   | Entered Level 1 of the Lair of Beasts
 12205 | Lair:1   | Noticed a six-headed hydra
 12528 | Lair:1   | Killed a six-headed hydra
 12542 | Lair:1   | Reached skill level 14 in Conjurations
 12713 | Lair:1   | Reached skill level 16 in Spellcasting
 13157 | Lair:2   | Reached ***** piety under Vehumet
 13281 | Lair:2   | Offered knowledge of Olgreb's Toxic Radiance by Vehumet.
 14052 | Lair:2   | Found a staircase to the Snake Pit.
 14264 | Lair:3   | Reached skill level 17 in Spellcasting
 15144 | Lair:4   | Reached skill level 15 in Conjurations
 15144 | Lair:4   | Reached XP level 12. HP: 59/59 MP: 22/35
 15476 | Lair:4   | Noticed a six-headed hydra
 15517 | Lair:4   | HP: 14/59 [six-headed hydra (13)]
 15522 | Lair:4   | Slain by a six-headed hydra

Vault maps used:
D:1:      dpeg_arrival_lava_altar
D:2:      nicolae_gozag_seed_capital, uniq_jessica, uniq_robin,
          uniq_crazy_yiuf_cottage
D:3:      first_ration, uniq_natasha
D:4:      kennysheep_little_box, uniq_pikel, uniq_grinder
D:5:      gammafunk_temple_overflow_forgotten, minmay_temple_entry_junction_2,
          minmay_misc_feat_roman
D:6:      kennysheep_small_circle, uniq_edmund, uniq_blork_the_orc
D:7:      old_standard_altar, overflow_temple_1_default, kennysheep_mini_moat
D:8:      gammafunk_the_bubble, lemuel_coloured_pillars_altar, david_nohive_1,
          supply_closet_lemuel, hangedman_decor_peaks_small,
          minmay_misc_feat_secret_circle, kennysheep_generic_room_6
D:9:      grunt_lair_entry_orc_guard_hut, grunt_potential
D:10:     serial_shops, shop, basic_altar, serial_gnoll_camp,
          gnoll_camp_mini_basic, gnoll_camp_mini_doghouse,
          gnoll_camp_huts_basic, gnoll_camp_mini_hut, gnoll_camp_mini_doghouse,
          minivault_16, minmay_misc_feat_chi, uniq_erolcha
Temple:   eino_narrow_crystal_temple
Lair:2:   dummy_snake_entry, beast_lair_carwin_6
Lair:3:   nicolae_quartered_pool_little
Lair:4:   gammafunk_lair_enchanted_lake, elwin_shoals_entry_stream

Skill      XL: |  1  2  3  4  5  6  7  8  9 10 11 |
---------------+----------------------------------+-----
Conjurations   | 5 6 7 8 9 11 12 13 15 | 15.7
Spellcasting   | 4 5 6 8 9 12 14 17 | 17.1
Dodging        | |  2.4
Stealth        | |  2.4

Action                   |  1- 3 |  4- 6 |  7- 9 | 10-12 || total
-------------------------+-------+-------+-------+-------++-------
Melee: Short sword       |     5 |    25 |       |       ||    30
       Dagger            |       |    24 |    35 |     4 ||    63
       Whip              |       |       |    17 |       ||    17
 Cast: Magic Dart        |    77 |   115 |   105 |    42 ||   339
       Iskenderun's Myst |       |    18 |    89 |   243 ||   350
       Fulminant Prism   |       |       |     2 |     3 ||     5
       Iskenderun's Batt |       |       |       |     1 ||     1
       Orb of Destructio |       |       |       |    13 ||    13
Evoke: Wand              |       |       |       |     1 ||     1
  Use: Potion            |       |       |     2 |     1 ||     3
       Scroll            |       |       |       |    19 ||    19
 Stab: Sleeping          |       |     1 |     2 |       ||     3
  Eat: Chunk             |     1 |     7 |     7 |    11 ||    26
       Ration            |       |     1 |     3 |     4 ||     8
Armor: Robe              |     4 |    32 |    20 |    33 ||    89
       Skin              |       |       |     8 |       ||     8
Dodge: Dodged            |    10 |    37 |    60 |    47 ||   154

Table legend:
 A = Non-vault XP
 B = Vault XP
 C = Vault XP percentage of total XP
 D = Non-vault monster count
 E = Vault monster count
 F = Vault count percentage of total count
                 A         B        C        D         E       F
            +---------+---------+-------+---------+---------+-------
      Total |   17461 |    8130 |  31.8 |     255 |      93 |  26.7
            +---------+---------+-------+---------+---------+-------
        D:1 |      36 |       2 |   5.3 |      19 |       1 |   5.0
        D:2 |      62 |     111 |  64.2 |      22 |      12 |  35.3
        D:3 |     175 |      35 |  16.7 |      24 |       1 |   4.0
        D:4 |     452 |     871 |  65.8 |      23 |       2 |   8.0
        D:5 |     454 |       0 |   0.0 |      10 |       0 |   0.0
        D:6 |     453 |     265 |  36.9 |       8 |       2 |  20.0
        D:7 |     812 |       0 |   0.0 |      32 |       0 |   0.0
        D:8 |     537 |    1188 |  68.9 |      12 |      15 |  55.6
        D:9 |    1420 |    1215 |  46.1 |      25 |      16 |  39.0
       D:10 |    2398 |    1915 |  44.4 |      42 |      34 |  44.7
     Lair:1 |    3313 |       0 |   0.0 |      11 |       0 |   0.0
     Lair:2 |    2318 |     996 |  30.1 |      10 |       6 |  37.5
     Lair:3 |    2636 |       0 |   0.0 |      10 |       0 |   0.0
     Lair:4 |    2395 |    1532 |  39.0 |       7 |       4 |  36.4
            +---------+---------+-------+---------+---------+-------

Vault maps used:
D:1:      dpeg_arrival_lava_altar
D:2:      nicolae_gozag_seed_capital, uniq_jessica, uniq_robin,
          uniq_crazy_yiuf_cottage
D:3:      first_ration, uniq_natasha
D:4:      kennysheep_little_box, uniq_pikel, uniq_grinder
D:5:      gammafunk_temple_overflow_forgotten, minmay_temple_entry_junction_2,
          minmay_misc_feat_roman
D:6:      kennysheep_small_circle, uniq_edmund, uniq_blork_the_orc
D:7:      old_standard_altar, overflow_temple_1_default, kennysheep_mini_moat
D:8:      gammafunk_the_bubble, lemuel_coloured_pillars_altar, david_nohive_1,
          supply_closet_lemuel, hangedman_decor_peaks_small,
          minmay_misc_feat_secret_circle, kennysheep_generic_room_6
D:9:      grunt_lair_entry_orc_guard_hut, grunt_potential
D:10:     serial_shops, shop, basic_altar, serial_gnoll_camp,
          gnoll_camp_mini_basic, gnoll_camp_mini_doghouse,
          gnoll_camp_huts_basic, gnoll_camp_mini_hut, gnoll_camp_mini_doghouse,
          minivault_16, minmay_misc_feat_chi, uniq_erolcha
Temple:   eino_narrow_crystal_temple
Lair:2:   dummy_snake_entry, beast_lair_carwin_6
Lair:3:   nicolae_quartered_pool_little
Lair:4:   gammafunk_lair_enchanted_lake, elwin_shoals_entry_stream

Table legend:
 A = Turns spent in this place as a percentage of turns spent in the entire game.
 B = Non-inter-level travel turns spent in this place as a percentage of non-inter-level travel turns spent in the entire game.
 C = Inter-level travel turns spent in this place as a percentage of turns spent in this place.
 D = Turns resting spent in this place as a percentage of non-inter-level travel turns spent in this place.
 E = Turns spent auto-exploring this place as a percentage of non-inter-level travel turns spent in this place.
 F = Non-inter-level travel turns spent in this place divided by the number of levels of this place that you've seen.
                   A       B       C       D       E      F
               +-------+-------+-------+-------+-------+----------------------
         Total | 100.0 | 100.0 |   2.2 |  34.1 |  48.6 | 1011.7
       Dungeon |  76.9 |  76.8 |   2.4 |  37.0 |  44.3 | 1165.5
        Temple |   1.4 |   1.4 |   5.9 |   0.0 |  96.2 | 209.0
          Lair |  21.7 |  21.8 |   1.5 |  26.2 |  60.6 | 827.8
               +-------+-------+-------+-------+-------+----------------------

Table legend:
 A = Kills in this place as a percentage of kills in entire the game.
 B = Kills by you in this place as a percentage of kills by you in the entire game.
 C = Kills by friends in this place as a percentage of kills by friends in the entire game.
 D = Other kills in this place as a percentage of other kills in the entire game.
 E = Experience gained in this place as a percentage of experience gained in the entire game.
 F = Experience gained in this place divided by the number of levels of this place that you have seen.
                   A       B       C       D       E      F
               +-------+-------+-------+-------+-------+----------------------
         Total | 100.0 | 100.0 |   N/A |   N/A | 100.0 | 1706.1
       Dungeon |  86.2 |  86.2 |   N/A |   N/A |  48.5 | 1240.1
          Lair |  13.8 |  13.8 |   N/A |   N/A |  51.5 | 3297.5
               +-------+-------+-------+-------+-------+----------------------
